| TOP OF THE 1ST |
|
Washington Nationals batting - Pitching for New York Mets : LHP Steve Kelly
|
|
Pitching: LHP Steve Kelly
|
|
|
Batting: RHB Hisayuki Akiyama
|
0-0: Ball 1-0: Swinging Strike 1-1: Ball 2-1: Foul Ball, location: 2F 2-2: Foul Ball, location: 2F 2-2: Strikes out swinging
|
|
Batting: RHB Darren McCarty Jr.
|
0-0: Called Strike 0-1: Ball 1-1: Called Strike 1-2: Strikes out swinging
|
|
Batting: LHB Bob Melley
|
0-0: Ball 1-0: SINGLE (Line Drive, 8RS, EV 106.9 MPH)
|
|
Batting: RHB Nate Dickinson
|
0-0: Ball 1-0: Called Strike 1-1: Called Strike 1-2: Fly out, F8 (Flyball, 8RXD, EV 86.9 MPH)
|
| Top of the 1st over - 0 runs, 1 hit, 0 errors, 1 left on base; Washington 0 - New York 0 |
| BOTTOM OF THE 1ST |
|
New York Mets batting - Pitching for Washington Nationals : LHP Joe Hincks
|
|
Pitching: LHP Joe Hincks
|
|
|
Batting: SHB Nelle van den Berg
|
0-0: Ball 1-0: Ground out 4-3 (Groundball, 4, EV 86.2 MPH)
|
|
Batting: LHB Kevin Bellman
|
0-0: Called Strike 0-1: Ball 1-1: Ball 2-1: Reached on error, E3 (Groundball, 34, EV 90.0 MPH)
|
|
Batting: SHB Sean Cook
|
0-0: Ball 1-0: Ball 2-0: SINGLE (Flyball, 89S, EV 92.5 MPH) Kevin Bellman to third
|
|
Batting: RHB Jeff Jank
|
0-0: Ground out 6-3 (Groundball, 6S, EV 69.4 MPH) Kevin Bellman scores Sean Cook to second
|
|
Batting: RHB Billy Walker
|
0-0: Ball 1-0: Ball 2-0: Called Strike 2-1: Ball 3-1: Base on Balls
|
|
Batting: SHB Roberto Magne
|
0-0: Fly out, F7 (Flyball, 7, EV 89.4 MPH)
|
| Bottom of the 1st over - 1 run, 1 hit, 1 error, 2 left on base; Washington 0 - New York 1 |
| TOP OF THE 2ND |
|
Washington Nationals batting - Pitching for New York Mets : LHP Steve Kelly
|
|
Batting: LHB Jeff Luvisi
|
0-0: Called Strike 0-1: Swinging Strike 0-2: Ball 1-2: Ground out U3 (Groundball, 3, EV 98.1 MPH)
|
|
Batting: LHB Jae-ik Soung
|
0-0: Called Strike 0-1: SINGLE (Line Drive, 5D, EV 107.5 MPH)
|
|
Batting: RHB Antonio Laurel
|
0-0: Ball 1-0: Foul Ball, location: 2F 1-1: Fly out, F6 (Flyball, 6MD, EV 89.4 MPH)
|
|
Batting: RHB Justin Bonner
|
0-0: Ground out 1-3 (Groundball, 13S, EV 73.1 MPH)
|
| Top of the 2nd over - 0 runs, 1 hit, 0 errors, 1 left on base; Washington 0 - New York 1 |
| BOTTOM OF THE 2ND |
|
New York Mets batting - Pitching for Washington Nationals : LHP Joe Hincks
|
|
Batting: SHB Javy Rosa
|
0-0: Ball 1-0: Fly out, F7 (Flyball, 78M, EV 93.1 MPH)
|
|
Batting: SHB Jason Larson
|
0-0: Called Strike 0-1: Foul Ball, location: 2F 0-2: Ball 1-2: Ground out 6-3 (Groundball, 6, EV 83.1 MPH)
|
|
Batting: RHB Mike Phillips
|
0-0: Called Strike 0-1: Ball 1-1: Ball 2-1: Ball 3-1: Ground out 5-3 (Groundball, 56, EV 106.9 MPH)
|
| Bottom of the 2nd over - 0 runs, 0 hits, 0 errors, 0 left on base; Washington 0 - New York 1 |
| TOP OF THE 3RD |
|
Washington Nationals batting - Pitching for New York Mets : LHP Steve Kelly
|
|
Batting: RHB Jon Buscher
|
0-0: Ball 1-0: SINGLE (Groundball, 34S, EV 71.2 MPH) (infield hit)
|
|
Batting: RHB Hisayuki Akiyama
|
0-0: Foul Ball, location: 2F 0-1: Ball 1-1: Fly out, F7 (Flyball, 78S, EV 84.4 MPH)
|
|
Batting: RHB Darren McCarty Jr.
|
0-0: Swinging Strike 0-1: Ball 1-1: Ball 2-1: Called Strike 2-2: Strikes out swinging
|
|
Batting: LHB Bob Melley
|
0-0: Ball 1-0: Ball 2-0: Fly out, F9 (Flyball, 9, EV 86.2 MPH)
|
| Top of the 3rd over - 0 runs, 1 hit, 0 errors, 1 left on base; Washington 0 - New York 1 |
| BOTTOM OF THE 3RD |
|
New York Mets batting - Pitching for Washington Nationals : LHP Joe Hincks
|
|
Batting: SHB Nelle van den Berg
|
0-0: Called Strike 0-1: Ball 1-1: Ball 2-1: Fly out, F4 (Flyball, 34D, EV 91.9 MPH)
|
|
Batting: LHB Kevin Bellman
|
0-0: Ball 1-0: Ball 2-0: Ball 3-0: Called Strike 3-1: Foul Ball, location: 2F 3-2: SOLO HOME RUN (Flyball, 9D, EV 105.6 MPH), Distance : 388 ft
|
|
Batting: SHB Sean Cook
|
0-0: Ball 1-0: Swinging Strike 1-1: Called Strike 1-2: Ball 2-2: Fly out, F9 (Flyball, 9D, EV 93.1 MPH)
|
|
Batting: RHB Jeff Jank
|
0-0: Called Strike 0-1: Fly out, F9 (Flyball, 9D, EV 110.0 MPH)
|
| Bottom of the 3rd over - 1 run, 1 hit, 0 errors, 0 left on base; Washington 0 - New York 2 |
| TOP OF THE 4TH |
|
Washington Nationals batting - Pitching for New York Mets : LHP Steve Kelly
|
|
Batting: RHB Nate Dickinson
|
0-0: Foul Ball, location: 2F 0-1: Ball 1-1: Ball 2-1: Fly out, F9 (Flyball, 9, EV 92.5 MPH)
|
|
Batting: LHB Jeff Luvisi
|
0-0: Foul Ball, location: 2F 0-1: Ball 1-1: SINGLE (Groundball, 6MD, EV 101.2 MPH)
|
|
Pitching: LHP Josh Taylor
|
|
|
Batting: LHB Jae-ik Soung
|
0-0: Ball 1-0: Foul Ball, location: 2F 1-1: Ball 2-1: Ball 3-1: Foul Ball, location: 2F 3-2: Strikes out swinging Jeff Luvisi steals 2nd base Batter strikes out.
|
|
Batting: RHB Antonio Laurel
|
0-0: Ball 1-0: Fly out, F8 (Flyball, 8LD, EV 95.0 MPH)
|
| Top of the 4th over - 0 runs, 1 hit, 0 errors, 1 left on base; Washington 0 - New York 2 |
| BOTTOM OF THE 4TH |
|
New York Mets batting - Pitching for Washington Nationals : LHP Joe Hincks
|
|
Pitching: RHP Travis Hardin
|
|
|
Batting: RHB Billy Walker
|
0-0: Ball 1-0: Called Strike 1-1: Foul Ball, location: 2F 1-2: Ball 2-2: Ground out 5-3 (Groundball, 15, EV 90.0 MPH)
|
|
Batting: SHB Roberto Magne
|
0-0: SINGLE (Line Drive, 7S, EV 91.9 MPH)
|
|
Batting: SHB Javy Rosa
|
0-0: Ball 1-0: Ball 2-0: Ball 3-0: Called Strike 3-1: Fielders Choice at 2nd, 3-6 (Groundball, 3, EV 85.0 MPH)
|
|
Batting: SHB Jason Larson
|
0-0: Swinging Strike 0-1: Ball 1-1: Ball 2-1: Foul Ball, location: 2F 2-2: Strikes out swinging
|
| Bottom of the 4th over - 0 runs, 1 hit, 0 errors, 1 left on base; Washington 0 - New York 2 |
| TOP OF THE 5TH |
|
Washington Nationals batting - Pitching for New York Mets : LHP Josh Taylor
|
|
Now at 1B: Josh Jones
|
|
|
Now at 2B: Jordan Fairburn
|
|
|
Batting: RHB Justin Bonner
|
0-0: Ball 1-0: Ball 2-0: Ball 3-0: Foul Ball, location: 2F 3-1: Foul Ball, location: 2F 3-2: Strikes out swinging
|
|
Batting: RHB Jon Buscher
|
0-0: Swinging Strike 0-1: Ball 1-1: Foul Ball, location: 2F 1-2: Ball 2-2: Foul Ball, location: 2F 2-2: Foul Ball, location: 2F 2-2: Ball 3-2: Foul Ball, location: 2F 3-2: Strikes out swinging
|
|
Batting: RHB Hisayuki Akiyama
|
0-0: Called Strike 0-1: Ball 1-1: Fly out, F9 (Flyball, 89M, EV 91.9 MPH)
|
| Top of the 5th over - 0 runs, 0 hits, 0 errors, 0 left on base; Washington 0 - New York 2 |
| BOTTOM OF THE 5TH |
|
New York Mets batting - Pitching for Washington Nationals : RHP Travis Hardin
|
|
Now at 2B: Dusty Ballard
|
|
|
Now in RF: Dillon Gonzalez
|
|
|
Batting: RHB Mike Phillips
|
0-0: Swinging Strike 0-1: Bunted foul 0-2: Ball 1-2: Foul Ball, location: 2F 1-2: Ground out 3-1 (Groundball, 34, EV 83.8 MPH)
|
|
Pinch Hitting: RHB Drtian Thaqi
|
0-0: Ball 1-0: Ball 2-0: Ball 3-0: Base on Balls
|
|
Batting: LHB Kevin Bellman
|
0-0: Called Strike 0-1: Called Strike 0-2: Ball 1-2: Ball 2-2: Ball 3-2: Strikes out looking
|
|
Batting: SHB Sean Cook
|
0-0: Ball 1-0: Called Strike 1-1: DOUBLE (Line Drive, 7LD, EV 105.0 MPH) Drtian Thaqi to third
|
|
Batting: RHB Josh Jones
|
0-0: SINGLE (Groundball, 4D, EV 102.5 MPH) Drtian Thaqi scores Sean Cook to third Runner from 3rd tries for Home, SAFE, throw by RF to home
|
|
Batting: RHB Finn Ross
|
0-0: Called Strike 0-1: Ball 1-1: Ball 2-1: Foul Ball, location: 2F 2-2: Foul Ball, location: 2F 2-2: Ground out 5-3 (Groundball, 56S, EV 70.0 MPH)
|
| Bottom of the 5th over - 2 runs, 2 hits, 0 errors, 1 left on base; Washington 0 - New York 4 |
| TOP OF THE 6TH |
|
Washington Nationals batting - Pitching for New York Mets : LHP Josh Taylor
|
|
Now at SS: Drtian Thaqi
|
|
|
Pinch Hitting: RHB John Sanders
|
0-0: SOLO HOME RUN (Flyball, 7LD, EV 95.0 MPH), Distance : 366 ft
|
|
Batting: RHB Dusty Ballard
|
0-0: Swinging Strike 0-1: Ground out 5-3 (Groundball, 5, EV 98.1 MPH)
|
|
Pinch Hitting: RHB Dave Vargas
|
0-0: Ball 1-0: Foul Ball, location: 2F 1-1: Ball 2-1: Ball 3-1: Foul Ball, location: 2F 3-2: Strikes out swinging
|
|
Pinch Hitting: LHB Kyung-jin Cho
|
0-0: Called Strike 0-1: Called Strike 0-2: Ball 1-2: Foul Ball, location: 2F 1-2: Strikes out swinging
|
| Top of the 6th over - 1 run, 1 hit, 0 errors, 0 left on base; Washington 1 - New York 4 |
| BOTTOM OF THE 6TH |
|
New York Mets batting - Pitching for Washington Nationals : RHP Travis Hardin
|
|
Pitching: RHP Stacey Kerssies
|
|
|
Now at 1B: Evan Oliveri
|
|
|
Now at 3B: John Sanders
|
|
|
Now in LF: Kyung-jin Cho
|
|
|
Now in CF: Dave Vargas
|
|
|
Batting: RHB Jordan Fairburn
|
0-0: Ball 1-0: Ball 2-0: Foul Ball, location: 2F 2-1: Ground out 4-3 (Groundball, 4M, EV 100.6 MPH)
|
|
Batting: SHB Javy Rosa
|
0-0: Ball 1-0: Ball 2-0: Ball 3-0: Called Strike 3-1: Base on Balls
|
|
Batting: SHB Jason Larson
|
0-0: Called Strike 0-1: Called Strike 0-2: Foul Ball, location: 2F 0-2: Foul Ball, location: 2F 0-2: Strikes out swinging
|
|
Batting: RHB Mike Phillips
|
0-0: Called Strike 0-1: Swinging Strike 0-2: Fielders Choice at 2nd, 5-4 (Groundball, 5, EV 81.9 MPH)
|
| Bottom of the 6th over - 0 runs, 0 hits, 0 errors, 1 left on base; Washington 1 - New York 4 |
| TOP OF THE 7TH |
|
Washington Nationals batting - Pitching for New York Mets : LHP Josh Taylor
|
|
Pitching: RHP Alastair Henry
|
|
|
Batting: LHB Evan Oliveri
|
0-0: Foul Ball, location: 2F 0-1: Ball 1-1: Ground out U3 (Groundball, 34, EV 102.5 MPH)
|
|
Batting: LHB Seth Cook
|
0-0: Ball 1-0: Foul Ball, location: 2F 1-1: Swinging Strike 1-2: Foul Ball, location: 2F 1-2: Strikes out looking
|
|
Batting: LHB Dillon Gonzalez
|
0-0: Ball 1-0: Ball 2-0: Called Strike 2-1: Swinging Strike 2-2: SINGLE (Line Drive, 6MD, EV 94.4 MPH)
|
|
Batting: RHB Jon Buscher
|
0-0: Ball Dillon Gonzalez is caught stealing 2nd base 2-4
|
| Top of the 7th over - 0 runs, 1 hit, 0 errors, 0 left on base; Washington 1 - New York 4 |
| BOTTOM OF THE 7TH |
|
New York Mets batting - Pitching for Washington Nationals : RHP Stacey Kerssies
|
|
Pitching: RHP Chris Doty
|
|
|
Batting: RHB Drtian Thaqi
|
0-0: Ground out 6-3 (Groundball, 6, EV 88.1 MPH)
|
|
Batting: LHB Kevin Bellman
|
0-0: Ball 1-0: Ball 2-0: Foul Ball, location: 2F 2-1: Swinging Strike 2-2: Fly out, F4 (Popup, 34, EV 70.6 MPH)
|
|
Batting: SHB Sean Cook
|
0-0: Foul Ball, location: 2F 0-1: Foul Ball, location: 2F 0-2: Strikes out swinging
|
| Bottom of the 7th over - 0 runs, 0 hits, 0 errors, 0 left on base; Washington 1 - New York 4 |
| TOP OF THE 8TH |
|
Washington Nationals batting - Pitching for New York Mets : RHP Alastair Henry
|
|
Batting: RHB Jon Buscher
|
0-0: Called Strike 0-1: Ball 1-1: Fly out, F8 (Line Drive, 78M, EV 92.5 MPH)
|
|
Batting: RHB Hisayuki Akiyama
|
0-0: Ball 1-0: Swinging Strike 1-1: Ball 2-1: Foul Ball, location: 2F 2-2: Ground out 5-3 (Groundball, 56, EV 85.0 MPH)
|
|
Batting: RHB John Sanders
|
0-0: Ball 1-0: Ball 2-0: Ball 3-0: Called Strike 3-1: Foul Ball, location: 2F 3-2: Base on Balls
|
|
Batting: RHB Dusty Ballard
|
0-0: Ball 1-0: Ball 2-0: Ball 3-0: Called Strike 3-1: Base on Balls John Sanders to second
|
|
Batting: RHB Dave Vargas
|
0-0: SINGLE (Groundball, 56D, EV 99.4 MPH) John Sanders to third Dusty Ballard to second Runner from 3rd tries for Home, SAFE, throw by LF to home
|
|
Pitching: LHP Sam Schrecengost
|
|
|
Batting: LHB Kyung-jin Cho
|
0-0: Swinging Strike 0-1: Ball 1-1: Foul Ball, location: 2F 1-2: Strikes out looking
|
| Top of the 8th over - 1 run, 1 hit, 0 errors, 2 left on base; Washington 2 - New York 4 |
| BOTTOM OF THE 8TH |
|
New York Mets batting - Pitching for Washington Nationals : RHP Chris Doty
|
|
Batting: RHB Josh Jones
|
0-0: Ground out 4-3 (Groundball, 4, EV 81.2 MPH)
|
|
Batting: RHB Finn Ross
|
0-0: Called Strike 0-1: Ball 1-1: Called Strike 1-2: Foul Ball, location: 2F 1-2: Ball 2-2: Strikes out swinging
|
|
Batting: RHB Jordan Fairburn
|
0-0: Ball 1-0: Ball 2-0: Called Strike 2-1: Foul Ball, location: 2F 2-2: Foul Ball, location: 2F 2-2: Fly out, F9 (Flyball, 9, EV 90.6 MPH)
|
| Bottom of the 8th over - 0 runs, 0 hits, 0 errors, 0 left on base; Washington 2 - New York 4 |
| TOP OF THE 9TH |
|
Washington Nationals batting - Pitching for New York Mets : LHP Sam Schrecengost
|
|
Pitching: RHP Brian Wood
|
|
|
Batting: LHB Evan Oliveri
|
0-0: Ball 1-0: Ball 2-0: Ground out 5-3 (Groundball, 5, EV 86.9 MPH)
|
|
Batting: LHB Seth Cook
|
0-0: Foul Ball, location: 2F 0-1: Swinging Strike 0-2: Strikes out swinging
|
|
Batting: LHB Dillon Gonzalez
|
0-0: Called Strike 0-1: Fly out, F8 (Flyball, 8LM, EV 88.1 MPH)
|
| Top of the 9th over - 0 runs, 0 hits, 0 errors, 0 left on base; Washington 2 - New York 4 |
|